cohdb
Replays
Latest Replays
All Replays
Popular Replays
Top Player Replays
Match Explorer
How It Works
Community
CoH3 Stats
Reddit
Sign in to upload your games and track your stats! →
Sign in with Steam
Match 44803629
Unlisted
Match 44803629
Overview
Messages
Build Orders
End
Construct Infanterie Kompanie
Selects Breakthrough Battlegroup
Selects Assault Grenadiers
Grenadier Squad
Grenadier Squad
MG 42 Machine Gun Team
Grenadier Squad
Construct Panzergrenadier Kompanie
Selects Breakthrough
251 Medium Carrier
Medical Bunker
Pak 40 Anti-tank Gun Team
MG 42 Machine Gun Team
Pak 40 Anti-tank Gun Team
Construct Panzer Kompanie
Selects Rapid Production
Selects Blitzkrieg
Stoßtruppen Squad
Stoßtruppen Squad
Panzer IV Medium Tank
Pioneer Squad
Guards
ZyAcroQC
0
0
Comments
sign in to comment!
No comments posted yet!